 Dungeon Crawl Stone Soup version 0.25-a0-362-g90ccd6aac3 (webtiles) character file.

Game seed: 8197880359336945650, levelgen mode: deterministic

152 Nixze the Ruffian (level 5, 53/53 HPs)
             Began as an Ogre Transmuter on Jan 2, 2020.
             Was a Follower of Trog.
             Quit the game on level 3 of the Dungeon on Jan 4, 2020.
             The game lasted 00:14:07 (2595 turns).

Nixze the Ruffian (Ogre Transmuter)                 Turns: 2595, Time: 00:14:08

Health: 53/53      AC:  3    Str: 14    XL:     5   Next: 34%
Magic:  10/10      EV: 10    Int: 15    God:    Trog [*.....]
Gold:   76         SH:  0    Dex:  9    Spells: 4/10 levels left

rFire    . . .     SeeInvis .     - Unarmed
rCold    . . .     Gourm    .   (no shield)
rNeg     . . .     Faith    .   b - +0 robe
rPois    .         Spirit   .   (helmet restricted)
rElec    .         Reflect  .   (no cloak)
rCorr    .         Harm     .   (gloves unavailable)
MR       .....                  (boots unavailable)
Stlth    +.........             k - amulet of rage
HPRegen  0.17/turn              (no ring)
MPRegen  0.12/turn              (no ring)

@: no status effects
A: large, unfitting armour, tough skin 1
a: Berserk, Renounce Religion, Evoke Berserk Rage


You were on level 3 of the Dungeon.
You worshipped Trog.
Trog was aware of your devotion.
You were not hungry.

You visited 1 branch of the dungeon, and saw 3 of its levels.

You collected 76 gold pieces.

Inventory:

Missiles
 a - 29 arrows
Armour
 b - a +0 robe (worn)
Jewellery
 k - an amulet of rage (around neck)
Scrolls
 c - a scroll of identify
 e - a scroll of teleportation
 f - a scroll of blinking {unknown}
 h - 2 scrolls of remove curse
 i - a scroll of enchant weapon {unknown}
 j - a scroll of magic mapping {unknown}
Comestibles
 d - 5 rations
 g - 2 chunks of flesh


   Skills:
 + Level 3.4 Fighting
 - Level 1.7 Dodging
 + Level 3.5 Unarmed Combat
 - Level 3.3 Spellcasting
 - Level 2.7 Transmutations
 - Level 1.0 Poison Magic


You had 4 spell levels left.
You knew the following spells:

 Your Spells              Type           Power        Failure   Level  Hunger
a - Beastly Appendage     Tmut           ##....       6%          1    None
b - Sticks to Snakes      Tmut           ##......     10%         2    ##.....
c - Spider Form           Tmut/Pois      #.........   26%         3    ###....

Your spell library contained the following spells:

 Spells                   Type           Power        Failure   Level  Hunger
 Ice Form                 Ice/Tmut       #.......     73%         4    ####...
 Blade Hands              Tmut           ##........   86%         5    ######.


Dungeon Overview and Level Annotations

Branches:
Dungeon (3/15)

Altars:
Qazlal
Trog


Innate Abilities, Weirdness & Mutations

You are too large for most types of armour.
You have tough skin. (AC +1)


Message History

Your magical contamination has completely faded away.
You start resting.
Magic restored.
You start resting.
All of the chunks of flesh in your inventory have rotted away.
HP restored.
g - 2 chunks of flesh
h - 2 scrolls of remove curse (gained 1)
Found a faded altar of an unknown god.
There is a faded altar of an unknown god here.
You cannot tell which god this altar belongs to.
Convert to them anyway?
Okay, then.
Casting: Spider Form (safe; 26% risk of failure)
Confirm with . or Enter, or press ? or * to list all spells.
You don't know that spell.
You cannot tell which god this altar belongs to.
Convert to them anyway?
Trog accepts your prayer! Trog welcomes you!
You can now go berserk at will.
Are you sure you want to abandon this character and quit the game? (Confirm with "yes".)

... ... ####### ###
..### #.....#
#..###..####
#.>...#####.#.###.....
#....)รท........##.....
#<.#######..#.###.....
####.###.##..###..####
#@#.#.........#
##.######..####
###.......# #.##.##..#
.........# ..##.....#
..####..###.#
........###.##.#
.#####.#........


There were no monsters in sight!

Vanquished Creatures
  A jelly (D:3)
  5 adders
  5 worms
  4 dart slugs
  2 leopard geckos
  An orc (D:3)
  2 giant cockroaches
  6 goblins
  11 hobgoblins
  A quokka (D:2)
  A ball python (D:1)
  4 bats
  5 frilled lizards
  4 kobolds
  2 rats (D:2)
54 creatures vanquished.

Notes
Turn   | Place    | Note
-------+----------+-------------------------------------------
     0 | D:1      | Nixze the Ogre Transmuter began the quest for the Orb.
     0 | D:1      | Reached XP level 1. HP: 19/19 MP: 3/3
   308 | D:1      | Reached XP level 2. HP: 28/28 MP: 3/5
   350 | D:1      | Learned a level 2 spell: Sticks to Snakes
   478 | D:1      | Upgraded the game from 0.25-a0-353-ged6d54792d to
                  | 0.25-a0-356-g7c9d860b3b
   630 | D:1      | Reached XP level 3. HP: 31/36 MP: 6/6
   635 | D:1      | Learned a level 3 spell: Spider Form
   728 | D:1      | Upgraded the game from 0.25-a0-356-g7c9d860b3b to
                  | 0.25-a0-362-g90ccd6aac3
  1488 | D:2      | Reached XP level 4. HP: 45/45 MP: 4/8
  1624 | D:2      | Reached skill level 1 in Poison Magic
  1884 | D:2      | Noticed an earth elemental
  1886 | D:2      | Found a stormy altar of Qazlal.
  1887 | D:2      | Noticed an air elemental
  1887 | D:2      | Noticed a water elemental
  1887 | D:2      | Noticed a fire elemental
  2365 | D:3      | Reached XP level 5. HP: 53/53 MP: 5/9
  2592 | D:3      | Found a faded altar of an unknown god.
  2594 | D:3      | Became a worshipper of Trog the Wrathful
  2594 | D:3      | Reached * piety under Trog
  2595 | D:3      | Quit the game

Levels and vault maps discovered:
D:1:      ebering_trefoil_twist, layout_loops_ring
D:2:      layout_rooms, nicolae_qazlal_style_of_elements, grunt_ministairs_9,
          kennysheep_generic_room_12
D:3:      layout_loops_cross, chequers_ecumenical_altar_twisty,
          minmay_misc_feat_four_crosses

Skill      XL: |  1  2  3  4 |
---------------+-------------+-----
Fighting       | 2 3 |  3.4
Unarmed Combat | 3 |  3.5
Transmutations | 2 |  2.7
Poison Magic   | 1 |  1.0
Spellcasting   | 3 |  3.3
Dodging        | |  1.7

Action                   |  1- 3 |  4- 6 || total
-------------------------+-------+-------++-------
Melee: Unarmed           |   102 |    58 ||   160
       Headbutt          |     7 |       ||     7
       Dagger            |     4 |       ||     4
       Kick              |     2 |       ||     2
 Cast: Beastly Appendage |    19 |     1 ||    20
       Sticks to Snakes  |     1 |       ||     1
       Spider Form       |     3 |    14 ||    17
  Use: Scroll            |       |     3 ||     3
  Eat: Chunk             |     2 |     6 ||     8
Armor: Robe              |    13 |     2 ||    15
       Skin              |       |     2 ||     2
Dodge: Dodged            |    57 |    41 ||    98

Table legend:
 A = Non-vault XP
 B = Vault XP
 C = Vault XP percentage of total XP
 D = Non-vault monster count
 E = Vault monster count
 F = Vault count percentage of total count
                 A         B        C        D         E       F
            +---------+---------+-------+---------+---------+-------
      Total |     210 |       8 |   3.7 |      50 |       4 |   7.4
            +---------+---------+-------+---------+---------+-------
        D:1 |      44 |       0 |   0.0 |      21 |       0 |   0.0
        D:2 |      83 |       8 |   8.8 |      19 |       4 |  17.4
        D:3 |      83 |       0 |   0.0 |      10 |       0 |   0.0
            +---------+---------+-------+---------+---------+-------
